[gd_scene load_steps=115 format=3 uid="uid://dnqqf010ky1ku"]

[ext_resource type="PackedScene" uid="uid://bkoph62o8ci7a" path="res://game/characters/npcs/guards/base_guard.tscn" id="1_qi08w"]
[ext_resource type="Texture2D" uid="uid://o8gtulhvx6v3" path="res://sprites/characters/guards/guard_03/idle/guard_03_IDLE_BACK_8FPS.png" id="2_4v1xx"]
[ext_resource type="Texture2D" uid="uid://rex6c35ud5vj" path="res://sprites/characters/guards/guard_03/idle/guard_03_IDLE_FRONT_8FPS.png" id="3_8a555"]
[ext_resource type="Texture2D" uid="uid://ci6g6avfu57fc" path="res://sprites/characters/guards/guard_03/idle/guard_03_IDLE_LEFTSIDE_8FPS.png" id="4_u7byq"]
[ext_resource type="Texture2D" uid="uid://b1i6f8oj7ceb3" path="res://sprites/characters/guards/guard_03/idle/guard_03_IDLE_RIGHTSIDE_8FPS.png" id="5_14wxc"]
[ext_resource type="Texture2D" uid="uid://bfkqggt5t55od" path="res://sprites/characters/guards/guard_03/run/guard_03_RUN_UP_8FPS.png" id="6_tk67x"]
[ext_resource type="Texture2D" uid="uid://cmsxtckex17lq" path="res://sprites/characters/guards/guard_03/run/guard_03_RUN_DWON_8FPS.png" id="7_4imji"]
[ext_resource type="Texture2D" uid="uid://canoq2nry0wib" path="res://sprites/characters/guards/guard_03/run/guard_03_RUN_LEFTSIDE_8FPS.png" id="8_1l31y"]
[ext_resource type="Texture2D" uid="uid://je4lf60ihrsa" path="res://sprites/characters/guards/guard_03/run/guard_03_RUN_RIGHTSIDE_8FPS.png" id="9_o4b3f"]
[ext_resource type="PackedScene" uid="uid://dh40mtv3ew4oi" path="res://game/characters/npcs/guards/vision_cone.tscn" id="10_galhm"]
[ext_resource type="Theme" uid="uid://dofsib3vtf7fp" path="res://ui/fonts/themes/on_top_of_npc_theme.tres" id="11_qqx54"]

[sub_resource type="AtlasTexture" id="AtlasTexture_wwsvt"]
atlas = ExtResource("2_4v1xx")
region = Rect2(0, 0, 16, 18)

[sub_resource type="AtlasTexture" id="AtlasTexture_d5q0k"]
atlas = ExtResource("2_4v1xx")
region = Rect2(16, 0, 16, 18)

[sub_resource type="AtlasTexture" id="AtlasTexture_gp52y"]
atlas = ExtResource("2_4v1xx")
region = Rect2(32, 0, 16, 18)

[sub_resource type="AtlasTexture" id="AtlasTexture_16bq1"]
atlas = ExtResource("2_4v1xx")
region = Rect2(48, 0, 16, 18)

[sub_resource type="AtlasTexture" id="AtlasTexture_s2s4o"]
atlas = ExtResource("2_4v1xx")
region = Rect2(64, 0, 16, 18)

[sub_resource type="AtlasTexture" id="AtlasTexture_jasrg"]
atlas = ExtResource("2_4v1xx")
region = Rect2(80, 0, 16, 18)

[sub_resource type="AtlasTexture" id="AtlasTexture_vwa4k"]
atlas = ExtResource("2_4v1xx")
region = Rect2(96, 0, 16, 18)

[sub_resource type="AtlasTexture" id="AtlasTexture_d026h"]
atlas = ExtResource("2_4v1xx")
region = Rect2(112, 0, 16, 18)

[sub_resource type="AtlasTexture" id="AtlasTexture_nnsnx"]
atlas = ExtResource("2_4v1xx")
region = Rect2(128, 0, 16, 18)

[sub_resource type="AtlasTexture" id="AtlasTexture_lmlih"]
atlas = ExtResource("2_4v1xx")
region = Rect2(144, 0, 16, 18)

[sub_resource type="AtlasTexture" id="AtlasTexture_3phib"]
atlas = ExtResource("2_4v1xx")
region = Rect2(160, 0, 16, 18)

[sub_resource type="AtlasTexture" id="AtlasTexture_7mjtn"]
atlas = ExtResource("2_4v1xx")
region = Rect2(176, 0, 16, 18)

[sub_resource type="AtlasTexture" id="AtlasTexture_hb4ct"]
atlas = ExtResource("2_4v1xx")
region = Rect2(192, 0, 16, 18)

[sub_resource type="AtlasTexture" id="AtlasTexture_0hxxo"]
atlas = ExtResource("2_4v1xx")
region = Rect2(208, 0, 16, 18)

[sub_resource type="AtlasTexture" id="AtlasTexture_b2eer"]
atlas = ExtResource("2_4v1xx")
region = Rect2(224, 0, 16, 18)

[sub_resource type="AtlasTexture" id="AtlasTexture_aqeil"]
atlas = ExtResource("2_4v1xx")
region = Rect2(240, 0, 16, 18)

[sub_resource type="AtlasTexture" id="AtlasTexture_8ng0l"]
atlas = ExtResource("2_4v1xx")
region = Rect2(256, 0, 16, 18)

[sub_resource type="AtlasTexture" id="AtlasTexture_6lcwa"]
atlas = ExtResource("2_4v1xx")
region = Rect2(272, 0, 16, 18)

[sub_resource type="AtlasTexture" id="AtlasTexture_nm1h5"]
atlas = ExtResource("2_4v1xx")
region = Rect2(288, 0, 16, 18)

[sub_resource type="AtlasTexture" id="AtlasTexture_rltpe"]
atlas = ExtResource("3_8a555")
region = Rect2(0, 0, 16, 18)

[sub_resource type="AtlasTexture" id="AtlasTexture_rd7dg"]
atlas = ExtResource("3_8a555")
region = Rect2(16, 0, 16, 18)

[sub_resource type="AtlasTexture" id="AtlasTexture_r34ce"]
atlas = ExtResource("3_8a555")
region = Rect2(32, 0, 16, 18)

[sub_resource type="AtlasTexture" id="AtlasTexture_kvw8i"]
atlas = ExtResource("3_8a555")
region = Rect2(48, 0, 16, 18)

[sub_resource type="AtlasTexture" id="AtlasTexture_bq4ay"]
atlas = ExtResource("3_8a555")
region = Rect2(64, 0, 16, 18)

[sub_resource type="AtlasTexture" id="AtlasTexture_n00cw"]
atlas = ExtResource("3_8a555")
region = Rect2(80, 0, 16, 18)

[sub_resource type="AtlasTexture" id="AtlasTexture_upn0t"]
atlas = ExtResource("3_8a555")
region = Rect2(96, 0, 16, 18)

[sub_resource type="AtlasTexture" id="AtlasTexture_63xhd"]
atlas = ExtResource("3_8a555")
region = Rect2(112, 0, 16, 18)

[sub_resource type="AtlasTexture" id="AtlasTexture_lc5h3"]
atlas = ExtResource("3_8a555")
region = Rect2(128, 0, 16, 18)

[sub_resource type="AtlasTexture" id="AtlasTexture_tgjup"]
atlas = ExtResource("3_8a555")
region = Rect2(144, 0, 16, 18)

[sub_resource type="AtlasTexture" id="AtlasTexture_a0iln"]
atlas = ExtResource("3_8a555")
region = Rect2(160, 0, 16, 18)

[sub_resource type="AtlasTexture" id="AtlasTexture_bqes8"]
atlas = ExtResource("3_8a555")
region = Rect2(176, 0, 16, 18)

[sub_resource type="AtlasTexture" id="AtlasTexture_gd56y"]
atlas = ExtResource("3_8a555")
region = Rect2(192, 0, 16, 18)

[sub_resource type="AtlasTexture" id="AtlasTexture_fe6l5"]
atlas = ExtResource("3_8a555")
region = Rect2(208, 0, 16, 18)

[sub_resource type="AtlasTexture" id="AtlasTexture_sk301"]
atlas = ExtResource("3_8a555")
region = Rect2(224, 0, 16, 18)

[sub_resource type="AtlasTexture" id="AtlasTexture_kuocr"]
atlas = ExtResource("3_8a555")
region = Rect2(240, 0, 16, 18)

[sub_resource type="AtlasTexture" id="AtlasTexture_o547p"]
atlas = ExtResource("3_8a555")
region = Rect2(256, 0, 16, 18)

[sub_resource type="AtlasTexture" id="AtlasTexture_miauj"]
atlas = ExtResource("3_8a555")
region = Rect2(272, 0, 16, 18)

[sub_resource type="AtlasTexture" id="AtlasTexture_5fei2"]
atlas = ExtResource("3_8a555")
region = Rect2(288, 0, 16, 18)

[sub_resource type="AtlasTexture" id="AtlasTexture_mau5k"]
atlas = ExtResource("4_u7byq")
region = Rect2(0, 0, 16, 18)

[sub_resource type="AtlasTexture" id="AtlasTexture_wndap"]
atlas = ExtResource("4_u7byq")
region = Rect2(16, 0, 16, 18)

[sub_resource type="AtlasTexture" id="AtlasTexture_ohq0l"]
atlas = ExtResource("4_u7byq")
region = Rect2(32, 0, 16, 18)

[sub_resource type="AtlasTexture" id="AtlasTexture_atjaj"]
atlas = ExtResource("4_u7byq")
region = Rect2(48, 0, 16, 18)

[sub_resource type="AtlasTexture" id="AtlasTexture_p6f34"]
atlas = ExtResource("4_u7byq")
region = Rect2(64, 0, 16, 18)

[sub_resource type="AtlasTexture" id="AtlasTexture_qnk2f"]
atlas = ExtResource("4_u7byq")
region = Rect2(80, 0, 16, 18)

[sub_resource type="AtlasTexture" id="AtlasTexture_1n88o"]
atlas = ExtResource("4_u7byq")
region = Rect2(96, 0, 16, 18)

[sub_resource type="AtlasTexture" id="AtlasTexture_4k11d"]
atlas = ExtResource("4_u7byq")
region = Rect2(112, 0, 16, 18)

[sub_resource type="AtlasTexture" id="AtlasTexture_0nor1"]
atlas = ExtResource("4_u7byq")
region = Rect2(128, 0, 16, 18)

[sub_resource type="AtlasTexture" id="AtlasTexture_fxxqw"]
atlas = ExtResource("4_u7byq")
region = Rect2(144, 0, 16, 18)

[sub_resource type="AtlasTexture" id="AtlasTexture_7ql5t"]
atlas = ExtResource("4_u7byq")
region = Rect2(160, 0, 16, 18)

[sub_resource type="AtlasTexture" id="AtlasTexture_p5lll"]
atlas = ExtResource("4_u7byq")
region = Rect2(176, 0, 16, 18)

[sub_resource type="AtlasTexture" id="AtlasTexture_e7j67"]
atlas = ExtResource("4_u7byq")
region = Rect2(192, 0, 16, 18)

[sub_resource type="AtlasTexture" id="AtlasTexture_iw1bn"]
atlas = ExtResource("4_u7byq")
region = Rect2(208, 0, 16, 18)

[sub_resource type="AtlasTexture" id="AtlasTexture_n3enn"]
atlas = ExtResource("4_u7byq")
region = Rect2(224, 0, 16, 18)

[sub_resource type="AtlasTexture" id="AtlasTexture_6gfhm"]
atlas = ExtResource("4_u7byq")
region = Rect2(240, 0, 16, 18)

[sub_resource type="AtlasTexture" id="AtlasTexture_x8jbj"]
atlas = ExtResource("4_u7byq")
region = Rect2(256, 0, 16, 18)

[sub_resource type="AtlasTexture" id="AtlasTexture_6q1t7"]
atlas = ExtResource("4_u7byq")
region = Rect2(272, 0, 16, 18)

[sub_resource type="AtlasTexture" id="AtlasTexture_7mkaw"]
atlas = ExtResource("4_u7byq")
region = Rect2(288, 0, 16, 18)

[sub_resource type="AtlasTexture" id="AtlasTexture_or7in"]
atlas = ExtResource("5_14wxc")
region = Rect2(0, 0, 16, 18)

[sub_resource type="AtlasTexture" id="AtlasTexture_7uysl"]
atlas = ExtResource("5_14wxc")
region = Rect2(16, 0, 16, 18)

[sub_resource type="AtlasTexture" id="AtlasTexture_jhv06"]
atlas = ExtResource("5_14wxc")
region = Rect2(32, 0, 16, 18)

[sub_resource type="AtlasTexture" id="AtlasTexture_1sxra"]
atlas = ExtResource("5_14wxc")
region = Rect2(48, 0, 16, 18)

[sub_resource type="AtlasTexture" id="AtlasTexture_jkc4x"]
atlas = ExtResource("5_14wxc")
region = Rect2(64, 0, 16, 18)

[sub_resource type="AtlasTexture" id="AtlasTexture_452qs"]
atlas = ExtResource("5_14wxc")
region = Rect2(80, 0, 16, 18)

[sub_resource type="AtlasTexture" id="AtlasTexture_px3rw"]
atlas = ExtResource("5_14wxc")
region = Rect2(96, 0, 16, 18)

[sub_resource type="AtlasTexture" id="AtlasTexture_84c7m"]
atlas = ExtResource("5_14wxc")
region = Rect2(112, 0, 16, 18)

[sub_resource type="AtlasTexture" id="AtlasTexture_pd8vf"]
atlas = ExtResource("5_14wxc")
region = Rect2(128, 0, 16, 18)

[sub_resource type="AtlasTexture" id="AtlasTexture_vqq1f"]
atlas = ExtResource("5_14wxc")
region = Rect2(144, 0, 16, 18)

[sub_resource type="AtlasTexture" id="AtlasTexture_e7evn"]
atlas = ExtResource("5_14wxc")
region = Rect2(160, 0, 16, 18)

[sub_resource type="AtlasTexture" id="AtlasTexture_ia1tf"]
atlas = ExtResource("5_14wxc")
region = Rect2(176, 0, 16, 18)

[sub_resource type="AtlasTexture" id="AtlasTexture_sq1gp"]
atlas = ExtResource("5_14wxc")
region = Rect2(192, 0, 16, 18)

[sub_resource type="AtlasTexture" id="AtlasTexture_amk74"]
atlas = ExtResource("5_14wxc")
region = Rect2(208, 0, 16, 18)

[sub_resource type="AtlasTexture" id="AtlasTexture_052n1"]
atlas = ExtResource("5_14wxc")
region = Rect2(224, 0, 16, 18)

[sub_resource type="AtlasTexture" id="AtlasTexture_1v3c5"]
atlas = ExtResource("5_14wxc")
region = Rect2(240, 0, 16, 18)

[sub_resource type="AtlasTexture" id="AtlasTexture_vnkjf"]
atlas = ExtResource("5_14wxc")
region = Rect2(256, 0, 16, 18)

[sub_resource type="AtlasTexture" id="AtlasTexture_e3tm1"]
atlas = ExtResource("5_14wxc")
region = Rect2(272, 0, 16, 18)

[sub_resource type="AtlasTexture" id="AtlasTexture_rktdg"]
atlas = ExtResource("5_14wxc")
region = Rect2(288, 0, 16, 18)

[sub_resource type="AtlasTexture" id="AtlasTexture_4le71"]
atlas = ExtResource("6_tk67x")
region = Rect2(0, 0, 16, 18)

[sub_resource type="AtlasTexture" id="AtlasTexture_7wxa7"]
atlas = ExtResource("6_tk67x")
region = Rect2(16, 0, 16, 18)

[sub_resource type="AtlasTexture" id="AtlasTexture_t3w61"]
atlas = ExtResource("6_tk67x")
region = Rect2(32, 0, 16, 18)

[sub_resource type="AtlasTexture" id="AtlasTexture_02n8v"]
atlas = ExtResource("6_tk67x")
region = Rect2(48, 0, 16, 18)

[sub_resource type="AtlasTexture" id="AtlasTexture_7arac"]
atlas = ExtResource("7_4imji")
region = Rect2(0, 0, 16, 18)

[sub_resource type="AtlasTexture" id="AtlasTexture_h86xk"]
atlas = ExtResource("7_4imji")
region = Rect2(16, 0, 16, 18)

[sub_resource type="AtlasTexture" id="AtlasTexture_owccm"]
atlas = ExtResource("7_4imji")
region = Rect2(32, 0, 16, 18)

[sub_resource type="AtlasTexture" id="AtlasTexture_uvfr3"]
atlas = ExtResource("7_4imji")
region = Rect2(48, 0, 16, 18)

[sub_resource type="AtlasTexture" id="AtlasTexture_kpr7w"]
atlas = ExtResource("8_1l31y")
region = Rect2(0, 0, 16, 18)

[sub_resource type="AtlasTexture" id="AtlasTexture_egjjt"]
atlas = ExtResource("8_1l31y")
region = Rect2(16, 0, 16, 18)

[sub_resource type="AtlasTexture" id="AtlasTexture_se85o"]
atlas = ExtResource("8_1l31y")
region = Rect2(32, 0, 16, 18)

[sub_resource type="AtlasTexture" id="AtlasTexture_xhnlu"]
atlas = ExtResource("8_1l31y")
region = Rect2(48, 0, 16, 18)

[sub_resource type="AtlasTexture" id="AtlasTexture_womx4"]
atlas = ExtResource("9_o4b3f")
region = Rect2(0, 0, 16, 18)

[sub_resource type="AtlasTexture" id="AtlasTexture_cilk6"]
atlas = ExtResource("9_o4b3f")
region = Rect2(16, 0, 16, 18)

[sub_resource type="AtlasTexture" id="AtlasTexture_y0kgm"]
atlas = ExtResource("9_o4b3f")
region = Rect2(32, 0, 16, 18)

[sub_resource type="AtlasTexture" id="AtlasTexture_lx0lj"]
atlas = ExtResource("9_o4b3f")
region = Rect2(48, 0, 16, 18)

[sub_resource type="SpriteFrames" id="SpriteFrames_yh3qn"]
animations = [{
"frames": [{
"duration": 1.0,
"texture": SubResource("AtlasTexture_wwsvt")
}, {
"duration": 1.0,
"texture": SubResource("AtlasTexture_d5q0k")
}, {
"duration": 1.0,
"texture": SubResource("AtlasTexture_gp52y")
}, {
"duration": 1.0,
"texture": SubResource("AtlasTexture_16bq1")
}, {
"duration": 1.0,
"texture": SubResource("AtlasTexture_s2s4o")
}, {
"duration": 1.0,
"texture": SubResource("AtlasTexture_jasrg")
}, {
"duration": 1.0,
"texture": SubResource("AtlasTexture_vwa4k")
}, {
"duration": 1.0,
"texture": SubResource("AtlasTexture_d026h")
}, {
"duration": 1.0,
"texture": SubResource("AtlasTexture_nnsnx")
}, {
"duration": 1.0,
"texture": SubResource("AtlasTexture_lmlih")
}, {
"duration": 1.0,
"texture": SubResource("AtlasTexture_3phib")
}, {
"duration": 1.0,
"texture": SubResource("AtlasTexture_7mjtn")
}, {
"duration": 1.0,
"texture": SubResource("AtlasTexture_hb4ct")
}, {
"duration": 1.0,
"texture": SubResource("AtlasTexture_0hxxo")
}, {
"duration": 1.0,
"texture": SubResource("AtlasTexture_b2eer")
}, {
"duration": 1.0,
"texture": SubResource("AtlasTexture_aqeil")
}, {
"duration": 1.0,
"texture": SubResource("AtlasTexture_8ng0l")
}, {
"duration": 1.0,
"texture": SubResource("AtlasTexture_6lcwa")
}, {
"duration": 1.0,
"texture": SubResource("AtlasTexture_nm1h5")
}],
"loop": true,
"name": &"idle_back",
"speed": 8.0
}, {
"frames": [{
"duration": 1.0,
"texture": SubResource("AtlasTexture_rltpe")
}, {
"duration": 1.0,
"texture": SubResource("AtlasTexture_rd7dg")
}, {
"duration": 1.0,
"texture": SubResource("AtlasTexture_r34ce")
}, {
"duration": 1.0,
"texture": SubResource("AtlasTexture_kvw8i")
}, {
"duration": 1.0,
"texture": SubResource("AtlasTexture_bq4ay")
}, {
"duration": 1.0,
"texture": SubResource("AtlasTexture_n00cw")
}, {
"duration": 1.0,
"texture": SubResource("AtlasTexture_upn0t")
}, {
"duration": 1.0,
"texture": SubResource("AtlasTexture_63xhd")
}, {
"duration": 1.0,
"texture": SubResource("AtlasTexture_lc5h3")
}, {
"duration": 1.0,
"texture": SubResource("AtlasTexture_tgjup")
}, {
"duration": 1.0,
"texture": SubResource("AtlasTexture_a0iln")
}, {
"duration": 1.0,
"texture": SubResource("AtlasTexture_bqes8")
}, {
"duration": 1.0,
"texture": SubResource("AtlasTexture_gd56y")
}, {
"duration": 1.0,
"texture": SubResource("AtlasTexture_fe6l5")
}, {
"duration": 1.0,
"texture": SubResource("AtlasTexture_sk301")
}, {
"duration": 1.0,
"texture": SubResource("AtlasTexture_kuocr")
}, {
"duration": 1.0,
"texture": SubResource("AtlasTexture_o547p")
}, {
"duration": 1.0,
"texture": SubResource("AtlasTexture_miauj")
}, {
"duration": 1.0,
"texture": SubResource("AtlasTexture_5fei2")
}],
"loop": true,
"name": &"idle_front",
"speed": 8.0
}, {
"frames": [{
"duration": 1.0,
"texture": SubResource("AtlasTexture_mau5k")
}, {
"duration": 1.0,
"texture": SubResource("AtlasTexture_wndap")
}, {
"duration": 1.0,
"texture": SubResource("AtlasTexture_ohq0l")
}, {
"duration": 1.0,
"texture": SubResource("AtlasTexture_atjaj")
}, {
"duration": 1.0,
"texture": SubResource("AtlasTexture_p6f34")
}, {
"duration": 1.0,
"texture": SubResource("AtlasTexture_qnk2f")
}, {
"duration": 1.0,
"texture": SubResource("AtlasTexture_1n88o")
}, {
"duration": 1.0,
"texture": SubResource("AtlasTexture_4k11d")
}, {
"duration": 1.0,
"texture": SubResource("AtlasTexture_0nor1")
}, {
"duration": 1.0,
"texture": SubResource("AtlasTexture_fxxqw")
}, {
"duration": 1.0,
"texture": SubResource("AtlasTexture_7ql5t")
}, {
"duration": 1.0,
"texture": SubResource("AtlasTexture_p5lll")
}, {
"duration": 1.0,
"texture": SubResource("AtlasTexture_e7j67")
}, {
"duration": 1.0,
"texture": SubResource("AtlasTexture_iw1bn")
}, {
"duration": 1.0,
"texture": SubResource("AtlasTexture_n3enn")
}, {
"duration": 1.0,
"texture": SubResource("AtlasTexture_6gfhm")
}, {
"duration": 1.0,
"texture": SubResource("AtlasTexture_x8jbj")
}, {
"duration": 1.0,
"texture": SubResource("AtlasTexture_6q1t7")
}, {
"duration": 1.0,
"texture": SubResource("AtlasTexture_7mkaw")
}],
"loop": true,
"name": &"idle_left",
"speed": 8.0
}, {
"frames": [{
"duration": 1.0,
"texture": SubResource("AtlasTexture_or7in")
}, {
"duration": 1.0,
"texture": SubResource("AtlasTexture_7uysl")
}, {
"duration": 1.0,
"texture": SubResource("AtlasTexture_jhv06")
}, {
"duration": 1.0,
"texture": SubResource("AtlasTexture_1sxra")
}, {
"duration": 1.0,
"texture": SubResource("AtlasTexture_jkc4x")
}, {
"duration": 1.0,
"texture": SubResource("AtlasTexture_452qs")
}, {
"duration": 1.0,
"texture": SubResource("AtlasTexture_px3rw")
}, {
"duration": 1.0,
"texture": SubResource("AtlasTexture_84c7m")
}, {
"duration": 1.0,
"texture": SubResource("AtlasTexture_pd8vf")
}, {
"duration": 1.0,
"texture": SubResource("AtlasTexture_vqq1f")
}, {
"duration": 1.0,
"texture": SubResource("AtlasTexture_e7evn")
}, {
"duration": 1.0,
"texture": SubResource("AtlasTexture_ia1tf")
}, {
"duration": 1.0,
"texture": SubResource("AtlasTexture_sq1gp")
}, {
"duration": 1.0,
"texture": SubResource("AtlasTexture_amk74")
}, {
"duration": 1.0,
"texture": SubResource("AtlasTexture_052n1")
}, {
"duration": 1.0,
"texture": SubResource("AtlasTexture_1v3c5")
}, {
"duration": 1.0,
"texture": SubResource("AtlasTexture_vnkjf")
}, {
"duration": 1.0,
"texture": SubResource("AtlasTexture_e3tm1")
}, {
"duration": 1.0,
"texture": SubResource("AtlasTexture_rktdg")
}],
"loop": true,
"name": &"idle_right",
"speed": 8.0
}, {
"frames": [{
"duration": 1.0,
"texture": SubResource("AtlasTexture_4le71")
}, {
"duration": 1.0,
"texture": SubResource("AtlasTexture_7wxa7")
}, {
"duration": 1.0,
"texture": SubResource("AtlasTexture_t3w61")
}, {
"duration": 1.0,
"texture": SubResource("AtlasTexture_02n8v")
}],
"loop": true,
"name": &"run_back",
"speed": 8.0
}, {
"frames": [{
"duration": 1.0,
"texture": SubResource("AtlasTexture_7arac")
}, {
"duration": 1.0,
"texture": SubResource("AtlasTexture_h86xk")
}, {
"duration": 1.0,
"texture": SubResource("AtlasTexture_owccm")
}, {
"duration": 1.0,
"texture": SubResource("AtlasTexture_uvfr3")
}],
"loop": true,
"name": &"run_front",
"speed": 8.0
}, {
"frames": [{
"duration": 1.0,
"texture": SubResource("AtlasTexture_kpr7w")
}, {
"duration": 1.0,
"texture": SubResource("AtlasTexture_egjjt")
}, {
"duration": 1.0,
"texture": SubResource("AtlasTexture_se85o")
}, {
"duration": 1.0,
"texture": SubResource("AtlasTexture_xhnlu")
}],
"loop": true,
"name": &"run_left",
"speed": 8.0
}, {
"frames": [{
"duration": 1.0,
"texture": SubResource("AtlasTexture_womx4")
}, {
"duration": 1.0,
"texture": SubResource("AtlasTexture_cilk6")
}, {
"duration": 1.0,
"texture": SubResource("AtlasTexture_y0kgm")
}, {
"duration": 1.0,
"texture": SubResource("AtlasTexture_lx0lj")
}],
"loop": true,
"name": &"run_right",
"speed": 8.0
}]

[sub_resource type="RectangleShape2D" id="RectangleShape2D_ewkwr"]
size = Vector2(32, 8)

[sub_resource type="Animation" id="Animation_f61qp"]
resource_name = "idle_back"
tracks/0/type = "value"
tracks/0/imported = false
tracks/0/enabled = true
tracks/0/path = NodePath("AnimatedSprite2D:animation")
tracks/0/interp = 1
tracks/0/loop_wrap = true
tracks/0/keys = {
"times": PackedFloat32Array(0),
"transitions": PackedFloat32Array(1),
"update": 1,
"values": [&"idle_back"]
}
tracks/1/type = "value"
tracks/1/imported = false
tracks/1/enabled = true
tracks/1/path = NodePath("VisionCone2D:position")
tracks/1/interp = 1
tracks/1/loop_wrap = true
tracks/1/keys = {
"times": PackedFloat32Array(0),
"transitions": PackedFloat32Array(1),
"update": 0,
"values": [Vector2(0, -30)]
}
tracks/2/type = "value"
tracks/2/imported = false
tracks/2/enabled = true
tracks/2/path = NodePath("VisionCone2D:rotation")
tracks/2/interp = 1
tracks/2/loop_wrap = true
tracks/2/keys = {
"times": PackedFloat32Array(0),
"transitions": PackedFloat32Array(1),
"update": 0,
"values": [3.14159]
}

[sub_resource type="Animation" id="Animation_gufvf"]
resource_name = "idle_front"
tracks/0/type = "value"
tracks/0/imported = false
tracks/0/enabled = true
tracks/0/path = NodePath("AnimatedSprite2D:animation")
tracks/0/interp = 1
tracks/0/loop_wrap = true
tracks/0/keys = {
"times": PackedFloat32Array(0),
"transitions": PackedFloat32Array(1),
"update": 1,
"values": [&"idle_front"]
}
tracks/1/type = "value"
tracks/1/imported = false
tracks/1/enabled = true
tracks/1/path = NodePath("VisionCone2D:position")
tracks/1/interp = 1
tracks/1/loop_wrap = true
tracks/1/keys = {
"times": PackedFloat32Array(0),
"transitions": PackedFloat32Array(1),
"update": 0,
"values": [Vector2(0, -42)]
}
tracks/2/type = "value"
tracks/2/imported = false
tracks/2/enabled = true
tracks/2/path = NodePath("VisionCone2D:rotation")
tracks/2/interp = 1
tracks/2/loop_wrap = true
tracks/2/keys = {
"times": PackedFloat32Array(0),
"transitions": PackedFloat32Array(1),
"update": 0,
"values": [0.0]
}

[sub_resource type="Animation" id="Animation_8ar3w"]
resource_name = "idle_left"
tracks/0/type = "value"
tracks/0/imported = false
tracks/0/enabled = true
tracks/0/path = NodePath("AnimatedSprite2D:animation")
tracks/0/interp = 1
tracks/0/loop_wrap = true
tracks/0/keys = {
"times": PackedFloat32Array(0),
"transitions": PackedFloat32Array(1),
"update": 1,
"values": [&"idle_left"]
}
tracks/1/type = "value"
tracks/1/imported = false
tracks/1/enabled = true
tracks/1/path = NodePath("VisionCone2D:position")
tracks/1/interp = 1
tracks/1/loop_wrap = true
tracks/1/keys = {
"times": PackedFloat32Array(0),
"transitions": PackedFloat32Array(1),
"update": 0,
"values": [Vector2(-8, -42)]
}
tracks/2/type = "value"
tracks/2/imported = false
tracks/2/enabled = true
tracks/2/path = NodePath("VisionCone2D:rotation")
tracks/2/interp = 1
tracks/2/loop_wrap = true
tracks/2/keys = {
"times": PackedFloat32Array(0),
"transitions": PackedFloat32Array(1),
"update": 0,
"values": [1.5708]
}

[sub_resource type="Animation" id="Animation_o1j66"]
resource_name = "idle_right"
tracks/0/type = "value"
tracks/0/imported = false
tracks/0/enabled = true
tracks/0/path = NodePath("AnimatedSprite2D:animation")
tracks/0/interp = 1
tracks/0/loop_wrap = true
tracks/0/keys = {
"times": PackedFloat32Array(0),
"transitions": PackedFloat32Array(1),
"update": 1,
"values": [&"idle_right"]
}
tracks/1/type = "value"
tracks/1/imported = false
tracks/1/enabled = true
tracks/1/path = NodePath("VisionCone2D:position")
tracks/1/interp = 1
tracks/1/loop_wrap = true
tracks/1/keys = {
"times": PackedFloat32Array(0),
"transitions": PackedFloat32Array(1),
"update": 0,
"values": [Vector2(8, -42)]
}
tracks/2/type = "value"
tracks/2/imported = false
tracks/2/enabled = true
tracks/2/path = NodePath("VisionCone2D:rotation")
tracks/2/interp = 1
tracks/2/loop_wrap = true
tracks/2/keys = {
"times": PackedFloat32Array(0),
"transitions": PackedFloat32Array(1),
"update": 0,
"values": [-1.5708]
}

[sub_resource type="Animation" id="Animation_8f7ma"]
resource_name = "run_back"
tracks/0/type = "value"
tracks/0/imported = false
tracks/0/enabled = true
tracks/0/path = NodePath("AnimatedSprite2D:animation")
tracks/0/interp = 1
tracks/0/loop_wrap = true
tracks/0/keys = {
"times": PackedFloat32Array(0),
"transitions": PackedFloat32Array(1),
"update": 1,
"values": [&"run_back"]
}
tracks/1/type = "value"
tracks/1/imported = false
tracks/1/enabled = true
tracks/1/path = NodePath("VisionCone2D:position")
tracks/1/interp = 1
tracks/1/loop_wrap = true
tracks/1/keys = {
"times": PackedFloat32Array(0),
"transitions": PackedFloat32Array(1),
"update": 0,
"values": [Vector2(0, -30)]
}
tracks/2/type = "value"
tracks/2/imported = false
tracks/2/enabled = true
tracks/2/path = NodePath("VisionCone2D:rotation")
tracks/2/interp = 1
tracks/2/loop_wrap = true
tracks/2/keys = {
"times": PackedFloat32Array(0),
"transitions": PackedFloat32Array(1),
"update": 0,
"values": [3.14159]
}

[sub_resource type="Animation" id="Animation_l23q5"]
resource_name = "run_front"
tracks/0/type = "value"
tracks/0/imported = false
tracks/0/enabled = true
tracks/0/path = NodePath("AnimatedSprite2D:animation")
tracks/0/interp = 1
tracks/0/loop_wrap = true
tracks/0/keys = {
"times": PackedFloat32Array(0),
"transitions": PackedFloat32Array(1),
"update": 1,
"values": [&"run_front"]
}
tracks/1/type = "value"
tracks/1/imported = false
tracks/1/enabled = true
tracks/1/path = NodePath("VisionCone2D:position")
tracks/1/interp = 1
tracks/1/loop_wrap = true
tracks/1/keys = {
"times": PackedFloat32Array(0),
"transitions": PackedFloat32Array(1),
"update": 0,
"values": [Vector2(0, -42)]
}
tracks/2/type = "value"
tracks/2/imported = false
tracks/2/enabled = true
tracks/2/path = NodePath("VisionCone2D:rotation")
tracks/2/interp = 1
tracks/2/loop_wrap = true
tracks/2/keys = {
"times": PackedFloat32Array(0),
"transitions": PackedFloat32Array(1),
"update": 0,
"values": [0.0]
}

[sub_resource type="Animation" id="Animation_xuo85"]
resource_name = "run_left"
tracks/0/type = "value"
tracks/0/imported = false
tracks/0/enabled = true
tracks/0/path = NodePath("AnimatedSprite2D:animation")
tracks/0/interp = 1
tracks/0/loop_wrap = true
tracks/0/keys = {
"times": PackedFloat32Array(0),
"transitions": PackedFloat32Array(1),
"update": 1,
"values": [&"run_left"]
}
tracks/1/type = "value"
tracks/1/imported = false
tracks/1/enabled = true
tracks/1/path = NodePath("VisionCone2D:position")
tracks/1/interp = 1
tracks/1/loop_wrap = true
tracks/1/keys = {
"times": PackedFloat32Array(0),
"transitions": PackedFloat32Array(1),
"update": 0,
"values": [Vector2(-8, -42)]
}
tracks/2/type = "value"
tracks/2/imported = false
tracks/2/enabled = true
tracks/2/path = NodePath("VisionCone2D:rotation")
tracks/2/interp = 1
tracks/2/loop_wrap = true
tracks/2/keys = {
"times": PackedFloat32Array(0),
"transitions": PackedFloat32Array(1),
"update": 0,
"values": [1.5708]
}

[sub_resource type="Animation" id="Animation_p4cf3"]
resource_name = "run_right"
tracks/0/type = "value"
tracks/0/imported = false
tracks/0/enabled = true
tracks/0/path = NodePath("AnimatedSprite2D:animation")
tracks/0/interp = 1
tracks/0/loop_wrap = true
tracks/0/keys = {
"times": PackedFloat32Array(0),
"transitions": PackedFloat32Array(1),
"update": 1,
"values": [&"run_right"]
}
tracks/1/type = "value"
tracks/1/imported = false
tracks/1/enabled = true
tracks/1/path = NodePath("VisionCone2D:position")
tracks/1/interp = 1
tracks/1/loop_wrap = true
tracks/1/keys = {
"times": PackedFloat32Array(0),
"transitions": PackedFloat32Array(1),
"update": 0,
"values": [Vector2(8, -42)]
}
tracks/2/type = "value"
tracks/2/imported = false
tracks/2/enabled = true
tracks/2/path = NodePath("VisionCone2D:rotation")
tracks/2/interp = 1
tracks/2/loop_wrap = true
tracks/2/keys = {
"times": PackedFloat32Array(0),
"transitions": PackedFloat32Array(1),
"update": 0,
"values": [-1.5708]
}

[sub_resource type="AnimationLibrary" id="AnimationLibrary_p7ndx"]
_data = {
"idle_back": SubResource("Animation_f61qp"),
"idle_front": SubResource("Animation_gufvf"),
"idle_left": SubResource("Animation_8ar3w"),
"idle_right": SubResource("Animation_o1j66"),
"run_back": SubResource("Animation_8f7ma"),
"run_front": SubResource("Animation_l23q5"),
"run_left": SubResource("Animation_xuo85"),
"run_right": SubResource("Animation_p4cf3")
}

[node name="BaseGuard" node_paths=PackedStringArray("animated_sprite", "vision_cone", "animation_player", "speech_label") instance=ExtResource("1_qi08w")]
scale = Vector2(1.4, 1.4)
animated_sprite = NodePath("AnimatedSprite2D")
vision_cone = NodePath("VisionCone2D")
animation_player = NodePath("AnimationPlayer")
speech_label = NodePath("SpeechLabel")

[node name="NavigationAgent2D" parent="." index="0"]
path_desired_distance = 30.0

[node name="AnimatedSprite2D" type="AnimatedSprite2D" parent="." index="5"]
position = Vector2(0, 4)
scale = Vector2(4, 4)
sprite_frames = SubResource("SpriteFrames_yh3qn")
animation = &"idle_back"
frame_progress = 0.436045
offset = Vector2(0, -9)

[node name="CollisionShape2D" type="CollisionShape2D" parent="." index="6"]
shape = SubResource("RectangleShape2D_ewkwr")

[node name="AnimationPlayer" type="AnimationPlayer" parent="." index="7"]
libraries = {
"": SubResource("AnimationLibrary_p7ndx")
}

[node name="VisionCone2D" parent="." index="8" instance=ExtResource("10_galhm")]
position = Vector2(0, -30)
rotation = 3.14159

[node name="SpeechLabel" type="Label" parent="." index="9"]
anchors_preset = 8
anchor_left = 0.5
anchor_top = 0.5
anchor_right = 0.5
anchor_bottom = 0.5
offset_left = -20.0
offset_top = -88.0
offset_right = 20.0
offset_bottom = -65.0
grow_horizontal = 2
grow_vertical = 2
theme = ExtResource("11_qqx54")
horizontal_alignment = 1
vertical_alignment = 1
